[Event "Team 45 45 League T79"]
[Site "Internet Chess Club"]
[Date "2019.01.26"]
[Round "5"]
[White "justice02"]
[Black "warsaviensis"]
[Result "0-1"]
[WhiteElo "1613"]
[BlackElo "1763"]
[Opening "Pirc defense"]
[ECO "B07"]
[Time "09:04:51"]
[TimeControl "2700+45"]

1. e4 d6 2. d4 Nf6 3. Bd3 c6 4. Ne2 e5 5. dxe5 dxe5 6. O-O Be7 7. h3 Nbd7 8. a3
b5 9. b4 a5 10. bxa5 Qxa5 11. Bb2 O-O 12. Qd2 Qxd2 13. Nxd2 Re8 14. c4 Nc5 15.
Bc2 Bd6 16. Rfd1 Bc7 17. cxb5 cxb5 18. Nc3 Bd7 19. Nf3 Bc6 20. Nd5 Bxd5 21. exd5
Bd6 22. Re1 Nfd7 23. Ng5 g6 24. Rab1 f6 25. Ne4 Nxe4 26. Bxe4 Nc5 27. Bc2 Reb8
28. f4 exf4 29. Bxf6 Rxa3 30. Be5 Bxe5 31. Rxe5 Rc3 32. Bd1 b4 33. d6 Rd8 34.
Rd5 b3 35. Bf3 Kg7 36. Rd4 g5 37. h4 h6 38. hxg5 hxg5 39. Bg4 Kf6 40. Rd5 b2 41.
Rxb2 Rc1+ 42. Bd1 Ke6 43. Rxg5 Rxd1+ {White resigns} 0-1

[Event "Team 45 45 League T79"]
[Site "Internet Chess Club"]
[Date "2019.01.27"]
[Round "5"]
[White "ascoli"]
[Black "zepled37"]
[Result "0-1"]
[WhiteElo "1648"]
[BlackElo "1727"]
[Opening "English opening"]
[ECO "A05"]
[Time "09:07:52"]
[TimeControl "2700+45"]

1. Nf3 Nf6 2. c4 g6 3. g3 Bg7 4. Bg2 c5 5. O-O O-O 6. Nc3 d5 7. cxd5 Nxd5 8. d3
Nxc3 9. bxc3 Bxc3 10. Rb1 Nc6 11. Ba3 Bb4 12. Bxb4 cxb4 13. Nd2 Bd7 14. Bxc6
Bxc6 15. Rxb4 Qd5 16. e4 Qxd3 17. Nb3 Qxd1 18. Rxd1 Rfd8 19. Rbd4 Rxd4 20. Rxd4
Kf8 21. f3 Ke8 22. Kf2 Rd8 23. Ke3 e5 24. Rxd8+ Kxd8 25. Nc5 Ke7 26. f4 exf4+
27. gxf4 Kd6 28. Kd4 f6 29. h4 h5 30. Nd3 Be8 31. Nb4 Bc6 32. Nd3 Be8 33. Nb4
Bf7 34. a3 a5 35. Nd3 b6 36. Kc3 g5 37. fxg5 fxg5 38. hxg5 h4 39. Kd4 h3 40. e5+
Kc6 41. Nf2 h2 42. Ke3 b5 43. Kf4 b4 44. axb4 axb4 45. Kg3 h1=Q 46. Nxh1 b3 47.
Nf2 b2 48. Kf4 b1=Q 49. Ne4 Bg6 {White resigns} 0-1

[Event "Team 45 45 League T79"]
[Site "Internet Chess Club"]
[Date "2019.01.24"]
[Round "5"]
[White "Grenadier"]
[Black "DaveTheRook"]
[Result "1-0"]
[WhiteElo "1619"]
[BlackElo "1577"]
[Opening "Sicilian: closed"]
[ECO "B24"]
[Time "20:01:41"]
[TimeControl "2700+45"]

1. e4 c5 2. Nc3 Nc6 3. g3 e6 4. Bg2 Nf6 5. d3 Be7 6. f4 d6 7. Nf3 O-O 8. O-O a6
9. Bd2 Rb8 10. a4 Bd7 11. Qe2 Qc7 12. Rae1 b5 13. axb5 axb5 14. e5 Ne8 15. exd6
Nxd6 16. Ne5 b4 17. Nd1 Nd4 18. Qh5 Nxc2 19. Nxd7 Qxd7 20. Re5 Rfc8 21. Ne3 Nxe3
22. Bxe3 Nf5 23. Be4 g6 24. Qe2 Nxe3 25. Qxe3 f6 26. Rxe6 Qxe6 27. Qf3 Rd8 28.
f5 Qe5 29. fxg6 hxg6 30. Bxg6 Qd4+ 31. Kh1 Qd5 32. Be4 Qg5 33. h4 Qg7 34. Qf5
Rf8 35. Rf4 Kf7 36. Bd5+ Ke8 37. Bc6+ Kf7 38. Qd5+ Kg6 39. Rg4+ Kh6 40. Rxg7
Kxg7 41. Qh5 Rh8 42. Qg4+ Kh6 43. Be4 Rbg8 44. Qf4+ Kg7 45. Qc7 Kf8 46. Kg2 f5
47. Bd5 Rg7 48. Qc8+ {Black resigns} 1-0

[Event "Team 45 45 League T79"]
[Site "Internet Chess Club"]
[Date "2019.01.26"]
[Round "5"]
[White "pokerram"]
[Black "bmw2002"]
[Result "1-0"]
[WhiteElo "1574"]
[BlackElo "1406"]
[Opening "Queen's pawn: London system"]
[ECO "A45"]
[Time "14:02:15"]
[TimeControl "2700+45"]

1. d4 Nf6 2. Bf4 g6 3. Nc3 Bg7 4. Qd2 d6 5. Bh6 O-O 6. Bxg7 Kxg7 7. e4 a5 8. Be2
Nbd7 9. h4 e5 10. Nf3 Nh5 11. g3 Qf6 12. Nd5 Qd8 13. Ng5 Nhf6 14. h5 Rh8 15.
hxg6 hxg6 16. O-O-O Nxd5 17. exd5 Nf6 18. dxe5 dxe5 19. Bc4 Rxh1 20. Rxh1 Qd6
21. f3 Bd7 22. Ne4 Nxe4 23. Qh6+ Kf6 24. fxe4 Qf8 25. Rf1+ Ke7 26. Qg5+ Ke8 27.
Qxe5+ Kd8 28. Qf6+ Ke8 29. Rh1 Ra6 30. d6 Rxd6 31. Bxf7+ Qxf7 32. Rh8+ Qf8 33.
Rxf8# {Black checkmated} 1-0

[Event "Team 45 45 League T79"]
[Site "Internet Chess Club"]
[Date "2019.01.25"]
[Round "5"]
[White "Goli"]
[Black "Ajolote"]
[Result "0-1"]
[WhiteElo "1699"]
[BlackElo "1908"]
[Opening "Sicilian: Alapin's variation (2.c3)"]
[ECO "B22"]
[Time "17:32:50"]
[TimeControl "2700+45"]

1. e4 c5 2. c3 Nf6 3. e5 Nd5 4. d4 cxd4 5. cxd4 d6 6. Nf3 e6 7. Bc4 Nb6 8. Bb3
Nc6 9. O-O Be7 10. a3 O-O 11. Nc3 dxe5 12. dxe5 Nd7 13. Re1 a6 14. Bc2 Nc5 15.
b4 Qxd1 16. Rxd1 Nd7 17. Bf4 h6 18. Be4 g5 19. Bxc6 bxc6 20. Bg3 c5 21. bxc5
Nxc5 22. Nd4 Bd7 23. f3 Rab8 24. Bf2 Rb7 25. Nc2 Rfb8 26. Nb4 a5 27. Nd3 Nb3 28.
Ra2 Bc6 29. Rc2 Bxa3 30. Nb1 Nd4 31. Bxd4 Rxb1 32. Rxb1 Rxb1+ 33. Kf2 Bd5 34.
Nc5 a4 35. Nxa4 Rb4 36. Nc3 Rxd4 37. Nb5 Rd3 {White resigns} 0-1

[Event "Team 45 45 League T79"]
[Site "Internet Chess Club"]
[Date "2019.01.25"]
[Round "5"]
[White "Insan996"]
[Black "ChessRooklift"]
[Result "0-1"]
[WhiteElo "1611"]
[BlackElo "1684"]
[Opening "Queen's pawn: Lundin (Kevitz-Mikenas) defense"]
[ECO "A40"]
[Time "20:09:10"]
[TimeControl "2700+45"]

1. d4 Nc6 2. Nf3 Nf6 3. Bf4 d5 4. e3 a6 5. c4 Bg4 6. Nc3 e6 7. Qb3 Bxf3 8. gxf3
Bd6 9. Qxb7 Na5 10. Qxa8 Qxa8 11. Bg5 Qb7 {White resigns} 0-1

[Event "Team 45 45 League T79"]
[Site "Internet Chess Club"]
[Date "2019.02.02"]
[Round "5"]
[White "Egmont"]
[Black "Skeptic1972"]
[Result "0-1"]
[WhiteElo "1596"]
[BlackElo "1470"]
[Opening "Nimzo-Indian: 4.e3 O-O, 5.Bd3 d5"]
[ECO "E48"]
[Time "09:04:35"]
[TimeControl "2700+45"]

1. d4 Nf6 2. c4 e6 3. Nc3 Bb4 4. e3 d5 5. Bd3 O-O 6. Ne2 c5 7. O-O dxc4 8. Bxc4
cxd4 9. exd4 Nc6 10. a3 Be7 11. Bf4 a6 12. b4 b5 13. Ba2 Bb7 14. Rc1 Rc8 15. Re1
Qd7 16. d5 exd5 17. Nxd5 Nxd5 18. Bxd5 Rfd8 19. Nc3 Bf6 20. Bb3 Qf5 21. Nd5 Nd4
22. Rxc8 Qxc8 23. Nxf6+ gxf6 24. Bxf7+ Kh8 25. Qh5 Qc3 26. Rc1 Bf3 27. gxf3 Ne2+
28. Kf1 Nxf4 29. Qc5 Qd3+ {White resigns} 0-1

[Event "Team 45 45 League T79"]
[Site "Internet Chess Club"]
[Date "2019.01.26"]
[Round "5"]
[White "JPSVI"]
[Black "scostanzo212"]
[Result "1/2-1/2"]
[WhiteElo "1451"]
[BlackElo "1547"]
[Opening "Réti opening"]
[ECO "A05"]
[Time "18:01:11"]
[TimeControl "2700+45"]

1. Nf3 Nf6 2. g3 d5 3. Bg2 c5 4. O-O Nc6 5. d3 e5 6. Na3 Be7 7. e4 d4 8. Nh4 Nd7
9. Nf5 O-O 10. f4 f6 11. Qg4 g6 12. Nc4 b5 13. Ncd6 Bxd6 14. Nxd6 Nb6 15. Nxc8
Qxc8 16. Qxc8 Raxc8 17. Bh3 Rce8 18. fxe5 Nxe5 19. Bh6 Rf7 20. Bf4 Kg7 21. Bxe5
fxe5 22. Rxf7+ Kxf7 23. Rf1+ Ke7 24. b3 Rf8 25. Rxf8 Kxf8 26. Kf2 Ke7 27. Kf3 h6
28. Bg4 c4 29. h4 Kd6 30. Bh3 cxd3 31. cxd3 b4 32. Kg4 Ke6 33. Kf3+ Ke7 34. g4
g5 35. hxg5 hxg5 36. Bf1 Na8 37. Ke2 Nc7 38. Kd2 Nb5 39. Kc2 Nc3 40. Kb2 Kd6 41.
a4 bxa3+ 42. Kxa3 a5 43. Bg2 Kc5 44. Bf3 Kb5 45. Bg2 Nb1+ 46. Kb2 Nc3 47. Ka3
Nd1 48. Bf1 Nc3 49. Bg2 {Game drawn by repetition} 1/2-1/2

[Event "Team 45 45 League T79"]
[Site "Internet Chess Club"]
[Date "2019.01.27"]
[Round "5"]
[White "Ajolote"]
[Black "santiagoelawad"]
[Result "0-1"]
[WhiteElo "1876"]
[BlackElo "1963"]
[Opening "Caro-Kann: Steinitz variation"]
[ECO "B17"]
[Time "20:17:00"]
[TimeControl "2700+45"]

1. e4 c6 2. d4 d5 3. Nc3 dxe4 4. Nxe4 Nd7 5. Ng5 Ngf6 6. Bd3 e6 7. N1f3 h6 8.
Ne4 Nxe4 9. Bxe4 Bd6 10. O-O Qc7 11. h3 b6 12. c4 Nf6 13. Bd3 Bb7 14. Qe2 O-O
15. b3 c5 16. Bb2 Nh5 17. Be4 Nf4 18. Qe3 Bxe4 19. Qxe4 cxd4 20. Nxd4 a6 21.
Rad1 f5 22. Qc2 g6 23. Rfe1 e5 24. Nf3 Rfe8 25. Rxd6 Qxd6 26. Bxe5 Qd3 27. Qc1
g5 28. Kh2 Ng6 29. Rd1 Qe2 30. Bd4 Qe6 31. Bb2 Rad8 32. Qc3 Qf7 33. Rd5 Qc7+ 34.
g3 Rxd5 35. cxd5 Qxc3 36. Bxc3 Rd8 37. Kg2 Rxd5 38. Nd4 Kf7 39. Kf3 Nf8 40. Ke3
Ne6 41. Nc6 Nc5 42. Bd4 a5 43. Ne5+ Ke6 44. f4 b5 45. Nc6 g4 46. hxg4 fxg4 47.
Nxa5 Rh5 48. b4 Nd7 49. Ke4 Nf6+ 50. Bxf6 Kxf6 51. Nc6 Rh2 52. Ne5 h5 53. Kd5
Rxa2 54. Kc5 Ra3 55. Kxb5 Rxg3 56. Kc6 Rb3 57. b5 g3 {White resigns} 0-1

[Event "Team 45 45 League T79"]
[Site "Internet Chess Club"]
[Date "2019.01.25"]
[Round "5"]
[White "harlyman"]
[Black "bradleyguo175"]
[Result "1/2-1/2"]
[WhiteElo "1718"]
[BlackElo "1809"]
[Opening "King's Indian: Smyslov system"]
[ECO "E61"]
[Time "14:02:26"]
[TimeControl "2700+45"]

1. d4 Nf6 2. c4 g6 3. Nc3 Bg7 4. Bg5 d6 5. Nf3 O-O 6. e3 Nbd7 7. Be2 c6 8. O-O
h6 9. Bh4 g5 10. Bg3 Nh5 11. Qc2 e5 12. Ne4 Nxg3 13. fxg3 exd4 14. Nxd6 Nf6 15.
Nxc8 dxe3 16. Nxa7 Rxa7 17. Rfd1 Qe7 18. Qb3 Ng4 19. Nd4 Nf2 20. Nf5 Qe5 21. Rf1
Qxf5 22. Qxe3 Qe4 23. Qxa7 Bd4 24. Qxb7 Qxe2 25. Qd7 Ne4+ 26. Qxd4 c5 27. Rfe1
Qxe1+ 28. Rxe1 cxd4 29. Rxe4 Rb8 30. b3 Ra8 31. Rxd4 Rxa2 32. h4 Rb2 33. Rd3 Kf8
34. hxg5 hxg5 35. g4 Ke7 36. Kh2 Ke6 37. Kg3 f6 38. Kf3 Ke5 39. g3 Rb1 40. Rd5+
Ke6 41. Rb5 Rc1 42. Rb6+ Ke5 43. Rb5+ Kd4 44. c5 Rc3+ 45. Kg2 Rc2+ 46. Kh3 Ke3
47. Rb6 Kf2 {Game drawn by mutual agreement} 1/2-1/2

[Event "Team 45 45 League T79"]
[Site "Internet Chess Club"]
[Date "2019.01.27"]
[Round "5"]
[White "Beetlejuice"]
[Black "backrankbrawler"]
[Result "0-1"]
[WhiteElo "1682"]
[BlackElo "1902"]
[Opening "Catalan: closed, main line"]
[ECO "E09"]
[Time "06:01:23"]
[TimeControl "2700+45"]

1. d4 Nf6 2. c4 e6 3. g3 d5 4. Nf3 Be7 5. Bg2 O-O 6. O-O Nbd7 7. Qc2 c6 8. Nbd2
b6 9. e4 Bb7 10. cxd5 cxd5 11. e5 Ne8 12. Bh3 Rc8 13. Qd3 Nc7 14. Re1 a5 15. a4
Na6 16. Rd1 Nb4 17. Qb3 Ba6 18. Bf1 Bxf1 19. Nxf1 f6 20. exf6 Bxf6 21. Ne3 Qc7
22. Bd2 Nc6 23. Bc3 Be7 24. Ne1 Nf6 25. Kg2 Ne4 26. f3 Nd6 27. Rac1 Bg5 28. Nxd5
exd5 29. Qxd5+ Nf7 30. Bd2 Bxd2 31. Rxd2 Qd6 32. Qe4 Nb4 33. Rxc8 Rxc8 34. Qb7
Qc6 35. Qe7 Re8 36. Qh4 Rxe1 {White resigns} 0-1

[Event "Team 45 45 League T79"]
[Site "Internet Chess Club"]
[Date "2019.01.25"]
[Round "5"]
[White "PolishRyszard"]
[Black "Monterrey"]
[Result "1-0"]
[WhiteElo "1841"]
[BlackElo "1926"]
[Opening "Trompowsky attack (Ruth, Opocenský opening)"]
[ECO "A45"]
[Time "18:04:03"]
[TimeControl "2700+45"]

1. d4 Nf6 2. Bg5 c5 3. d5 Ne4 4. Bf4 Qb6 5. Nd2 Nxd2 6. Bxd2 Qxb2 7. e4 Qb6 8.
Nf3 d6 9. Bd3 Nd7 10. Bc3 Nf6 11. Rb1 Qd8 12. h3 a6 13. a4 c4 14. Bxc4 Nxe4 15.
Bd4 Rg8 16. Qe2 Nc5 17. Bxc5 dxc5 18. O-O g6 19. Rfe1 Bg7 20. Ng5 Qd6 21. Rb6
Qd7 22. d6 e6 23. Qf3 Ra7 24. Nxh7 Qxa4 25. Nf6+ Kf8 26. Nh7+ Ke8 27. Nf6+ Kf8
28. Bb3 Qa5 29. Rd1 Bxf6 30. Qxf6 Bd7 31. Bxe6 Bxe6 32. d7 Bxd7 33. Rxd7 {Black
resigns} 1-0

[Event "Team 45 45 League T79"]
[Site "Internet Chess Club"]
[Date "2019.01.28"]
[Round "5"]
[White "leandromorg"]
[Black "cadmiumorange"]
[Result "1/2-1/2"]
[WhiteElo "1749"]
[BlackElo "1898"]
[Opening "Robatsch (modern) defense"]
[ECO "A40"]
[Time "10:45:51"]
[TimeControl "2700+45"]

1. d4 g6 2. e4 Bg7 3. Be3 d6 4. Nc3 a6 5. a4 Nc6 6. f3 e5 7. Nge2 Nge7 8. Qd2 f5
9. dxe5 Nxe5 10. Nd4 O-O 11. Bg5 Bf6 12. Bh6 Re8 13. O-O-O N7c6 14. Nd5 fxe4 15.
Nxf6+ Qxf6 16. fxe4 Bg4 17. Nxc6 bxc6 18. Re1 Rab8 19. Bg5 Qg7 20. Qc3 a5 21.
Bc4+ Nxc4 22. Qxc4+ Be6 23. Qc3 Qxc3 24. bxc3 c5 25. Bf6 Bd7 26. c4 Bxa4 27. Bc3
Ra8 28. Kd2 Bc6 29. Kd3 a4 30. h4 Re6 31. Rhf1 Rae8 32. Rf4 a3 33. g4 a2 34. g5
d5 35. cxd5 Bxd5 36. Bf6 Bc6 37. c4 Rd6+ 38. Kc3 Bxe4 39. Kb2 Rd2+ 40. Ka1 Bc6
41. Rxe8+ Bxe8 42. Bb2 Bf7 {Game drawn by mutual agreement} 1/2-1/2

[Event "Team 45 45 League T79"]
[Site "Internet Chess Club"]
[Date "2019.01.27"]
[Round "5"]
[White "walkover"]
[Black "MarcB"]
[Result "0-1"]
[WhiteElo "1678"]
[BlackElo "1695"]
[Opening "QGD semi-Slav: Meran variation"]
[ECO "D47"]
[Time "13:00:35"]
[TimeControl "2700+45"]

1. d4 d5 2. c4 c6 3. Nf3 Nf6 4. Nc3 e6 5. e3 Nbd7 6. Bd3 dxc4 7. Bxc4 b5 8. Bd3
Bd6 9. O-O O-O 10. a3 Qc7 11. Bd2 Bb7 12. Rc1 a6 13. e4 e5 14. d5 Qb8 15. dxc6
Bxc6 16. Re1 h6 17. Nh4 Rd8 18. Qf3 Bf8 19. Bb1 b4 20. Nd5 Bxd5 21. exd5 bxa3
22. bxa3 Qd6 23. Qg3 Qxd5 24. Bxh6 e4 25. Rcd1 Qe6 26. Bg5 Nc5 27. Ba2 Rxd1 28.
Rxd1 Qxa2 29. Bxf6 Qe6 30. Be5 Nd3 31. Ba1 g6 32. h3 Bxa3 33. Qe3 Rc8 34. Qd4
Kf8 35. Qg7+ Ke7 36. Bd4 Rc1 37. Rxc1 Nxc1 38. Be3 Nd3 39. g4 Bc5 40. Bxc5+ Nxc5
41. Qd4 Qd6 42. Qg7 Qf6 43. Qh6 a5 44. Qe3 Kd6 45. Ng2 a4 46. Nf4 Qa1+ 47. Kg2
Qe5 48. Qd2+ Kc6 49. Ne2 Qd5 50. Nd4+ Kd7 51. Qe3 Ke8 52. Nb5 Kf8 53. Nc3 Qc4
54. Qh6+ Kg8 55. Qd2 Nd3 56. Nd1 a3 57. Nc3 Nf4+ 58. Kh2 Nd3 59. Kg2 Kg7 60. h4
Qc6 61. Kf1 Qc4 62. Kg1 Nb2 63. Ne2 Qd3 64. Qf4 Qxe2 65. Qe5+ Kh7 {White
resigns} 0-1

[Event "Team 45 45 League T79"]
[Site "Internet Chess Club"]
[Date "2019.01.27"]
[Round "5"]
[White "nealbruce"]
[Black "ascoli"]
[Result "1-0"]
[WhiteElo "1723"]
[BlackElo "1635"]
[Opening "Caro-Kann: Steinitz variation"]
[ECO "B17"]
[Time "14:01:00"]
[TimeControl "2700+45"]

1. e4 c6 2. d4 d5 3. Nd2 dxe4 4. Nxe4 Nd7 5. Nf3 Ngf6 6. Nxf6+ Nxf6 7. Ne5 e6 8.
Bd3 Qxd4 9. Nxf7 Rg8 10. O-O Qd5 11. Ng5 Bd7 12. Nxh7 Nxh7 13. Bg6+ Kd8 14. Bxh7
Qxd1 15. Rxd1 Rh8 16. Bg5+ Kc7 17. Bf4+ Kc8 18. Bd3 Be8 19. Re1 Bf7 20. Bc4 Kd7
21. Rad1+ Ke7 22. Bg5+ Ke8 23. Bxe6 Bxe6 24. Rxe6+ Kf7 25. Re3 Bc5 26. Rd7+ Kg6
27. Rg3 Rae8 28. Be7+ Kf5 29. Rxg7 {Black resigns} 1-0

[Event "Team 45 45 League T79"]
[Site "Internet Chess Club"]
[Date "2019.01.25"]
[Round "5"]
[White "leoshi"]
[Black "SirIvanhoe"]
[Result "1-0"]
[WhiteElo "1592"]
[BlackElo "1527"]
[Opening "Caro-Kann: advance variation"]
[ECO "B12"]
[Time "21:07:02"]
[TimeControl "2700+45"]

1. e4 c6 2. d4 d5 3. e5 Bf5 4. Nf3 e6 5. Be2 c5 6. c3 Nc6 7. O-O Qb6 8. b3 cxd4
9. cxd4 Nge7 10. Bb2 Ng6 11. Nc3 Nf4 12. Bc1 Nxe2+ 13. Nxe2 Be7 14. Be3 O-O 15.
Ng3 Bg4 16. h3 Bxf3 17. Qxf3 Nxd4 18. Qg4 Bc5 19. Bh6 g6 20. Bxf8 Rxf8 21. Rfd1
Nc2 22. Qe2 Nxa1 23. Rxa1 Ba3 24. Qc2 Qc5 25. Qxc5 Bxc5 26. Rc1 Rc8 27. Kf1 Rc6
28. a4 Ba3 29. Rxc6 bxc6 30. Ke2 Bc5 31. f4 Bg1 32. Kd3 Kf8 33. Ne2 Ke7 34. Nxg1
c5 35. Ne2 Kd7 36. Nc3 a6 37. Na2 Kc6 38. Kc3 Kb6 39. b4 Kc6 40. Nc1 cxb4+ 41.
Kxb4 Kb6 42. a5+ Kc6 43. Nd3 Kb7 44. Kc5 Kc7 45. Nb4 Kb7 46. Kd6 h6 47. Ke7 d4
48. Kxf7 d3 49. Nxd3 Kc6 50. Kxe6 {Black resigns} 1-0

[Event "Team 45 45 League T79"]
[Site "Internet Chess Club"]
[Date "2019.01.23"]
[Round "5"]
[White "SuperPuzzler"]
[Black "Newbao"]
[Result "1-0"]
[WhiteElo "1792"]
[BlackElo "1428"]
[Opening "Ruy Lopez: 5.O-O"]
[ECO "C78"]
[Time "23:02:48"]
[TimeControl "2700+45"]

1. e4 e5 2. Nf3 Nc6 3. Bb5 a6 4. Ba4 Nf6 5. O-O b5 6. Bb3 Bc5 7. a4 Bb7 8. c3 d6
9. d4 O-O 10. dxc5 dxc5 11. Qxd8 Raxd8 12. Bg5 Rd5 13. exd5 Ne7 14. Nxe5 Nexd5
15. axb5 axb5 16. Ra7 Rb8 17. Bxf6 gxf6 18. Bxd5 Bxd5 19. Nd7 Rd8 20. Nxf6+ Kg7
21. Nxd5 Rxd5 22. Rxc7 c4 23. Na3 Kg6 24. Rb7 f5 25. Rxb5 Rd2 26. Nxc4 Rd3 27.
Ne5+ Kf6 28. Nxd3 Ke6 29. f4 Kd6 30. Re1 Kc6 31. Rc5+ Kb6 32. Re6+ Kb7 33. Rd5
Kc7 34. Rxf5 Kd7 35. Rh6 Ke7 36. Rg5 Kf7 37. Rxh7+ Kf6 38. Rh6+ Kf7 39. Ra5 Ke7
40. Ra7+ Kf8 41. Rh8# {Black checkmated} 1-0

[Event "Team 45 45 League T79"]
[Site "Internet Chess Club"]
[Date "2019.01.28"]
[Round "5"]
[White "creativechesski"]
[Black "chuckh2"]
[Result "1-0"]
[WhiteElo "1590"]
[BlackElo "1320"]
[Opening "French: Tarrasch, closed variation"]
[ECO "C05"]
[Time "21:00:40"]
[TimeControl "2700+45"]

1. e4 e6 2. d4 d5 3. Nd2 Nf6 4. e5 Nfd7 5. Bd3 c5 6. c3 Nc6 7. Ne2 Qb6 8. Nf3
cxd4 9. cxd4 Nb4 10. Bb1 Qc7 11. a3 Nc6 12. Bf4 a5 13. Nc3 b6 14. Bd3 Ba6 15.
Bxa6 Rxa6 16. Nb5 Qb8 17. Rc1 Qb7 18. Qa4 Ndb8 19. O-O Kd7 20. Ng5 Be7 21. Nxf7
Rf8 22. Nfd6 Qa8 23. Bd2 Bxd6 24. Nxd6 h6 25. f4 g6 26. Rf3 Ra7 27. Rb3 Ra6 28.
Rg3 Rg8 29. Qc2 a4 30. Rxg6 Rxg6 31. Qxg6 {Black resigns} 1-0

[Event "Team 45 45 League T79"]
[Site "Internet Chess Club"]
[Date "2019.01.24"]
[Round "5"]
[White "BrerRabbit"]
[Black "jadencheung"]
[Result "1-0"]
[WhiteElo "1360"]
[BlackElo "1358"]
[Opening "Queen's pawn: London system"]
[ECO "A45"]
[Time "18:46:13"]
[TimeControl "2700+45"]

1. d4 Nf6 2. Bf4 g6 3. e3 Bg7 4. Nf3 O-O 5. Be2 d5 6. h3 c5 7. c3 Nc6 8. Nbd2 c4
9. b3 cxb3 10. axb3 Qb6 11. c4 dxc4 12. bxc4 Bf5 13. O-O Rac8 14. Qb3 Qxb3 15.
Nxb3 Rfd8 16. Rfd1 Bc2 17. Rdb1 Bxb1 18. Rxb1 Ne4 19. Bd3 Nd6 20. c5 Ne8 21.
Nbd2 Rd7 22. Bc4 Nf6 23. Bb5 Nd5 24. Bg3 Nc3 25. Bxc6 bxc6 26. Ra1 Ne2+ 27. Kf1
Nxg3+ 28. fxg3 Rb8 29. Ra6 Rc7 30. Nc4 Rb3 31. Ke2 Bh6 32. Nfe5 Rc3 33. Kd2 Rb3
34. Kc2 Rb4 35. Kd3 Rbb7 36. g4 f6 37. Nxc6 Kf8 38. N6a5 Rb5 39. Nc6 Rbb7 40.
N6a5 Rb1 41. Ke4 Rc1 42. Kd5 Kf7 43. c6 Bf8 44. Nb7 e6+ 45. Ke4 Rxc4 46. Na5 Ra4
47. h4 Bb4 48. g5 f5+ 49. Ke5 Bd6+ 50. Kxd6 Rc8 51. Kd7 Rb8 52. c7 Rb5 53. c8=Q
Rd5+ 54. Rd6 Rdxa5 55. Qe8+ Kg7 56. Kd8 Rd5 57. Rxd5 exd5 58. Qxa4 {Black
resigns} 1-0

[Event "Team 45 45 League T79"]
[Site "Internet Chess Club"]
[Date "2019.01.26"]
[Round "5"]
[White "fireball"]
[Black "liujf"]
[Result "0-1"]
[WhiteElo "1626"]
[BlackElo "1572"]
[Opening "Giuoco Piano: four knights variation"]
[ECO "C25"]
[Time "10:05:57"]
[TimeControl "2700+45"]

1. e4 e5 2. Nc3 Nc6 3. Bc4 Bc5 4. Nf3 Nf6 5. O-O O-O 6. d3 d6 7. Bg5 h6 8. Bh4
g5 9. Bg3 Bg4 10. Qd2 Bxf3 11. gxf3 Na5 12. h4 Nxc4 13. dxc4 Nh5 14. Nd5 Nxg3
15. Rfe1 c6 16. Ne3 Bxe3 17. Qxe3 Nh5 18. Kh2 Kh7 19. hxg5 Qxg5 20. Qxg5 hxg5
21. Rh1 Kg6 22. Kh3 Nf4+ 23. Kg4 Rh8 24. Rxh8 Rxh8 25. Rd1 Rh4+ 26. Kg3 Kh5
{White resigns} 0-1

[Event "Team 45 45 League T79"]
[Site "Internet Chess Club"]
[Date "2019.01.23"]
[Round "5"]
[White "dalmata"]
[Black "bennywins"]
[Result "1-0"]
[WhiteElo "1489"]
[BlackElo "1685"]
[Opening "Queen's gambit declined"]
[ECO "D30"]
[Time "17:05:32"]
[TimeControl "2700+45"]

1. d4 d5 2. c4 e6 3. cxd5 exd5 4. Nf3 Nf6 5. Nc3 Bb4 6. e3 Ne4 7. Qa4+ Nc6 8.
Bd2 Nxd2 9. Nxd2 O-O 10. Bb5 Qd6 11. Bxc6 bxc6 12. O-O Bd7 13. Qd1 Qg6 14. Re1
Rab8 15. a3 Bh3 16. g3 Bg4 17. Qc1 Bd6 18. e4 Be6 19. e5 Be7 20. Ne2 Qd3 21. Qc3
Qxc3 22. bxc3 Rb2 23. Nf1 Bg4 24. Nf4 Rb3 25. Ne3 Bf3 26. c4 g5 27. Nfg2 Be4 28.
cxd5 cxd5 29. Rec1 Rc8 30. h4 Bxa3 31. Rc6 gxh4 32. Nxh4 a5 33. Ng4 Bb4 34. Nf6+
Kg7 35. Nxe4 dxe4 36. Rac1 a4 37. d5 a3 38. Nf5+ Kg8 39. d6 Kf8 40. Nd4 Rb2 41.
Rxc7 Re8 42. Nc6 a2 43. d7 Rb1 44. dxe8=Q+ Kxe8 45. Rc8+ Kd7 46. Rd8+ Kc7 47.
Rdd1 a1=Q 48. Rxb1 Qa4 49. Nxb4 Qa3 50. Rbc1+ Kb6 51. Rd6+ Kb5 52. Rb1 Kc5 53.
Rc6+ Kd4 54. Rd1+ Kxe5 55. Rd5# {Black checkmated} 1-0

[Event "Team 45 45 League T79"]
[Site "Internet Chess Club"]
[Date "2019.01.28"]
[Round "5"]
[White "nidusin2"]
[Black "Visin"]
[Result "1-0"]
[WhiteElo "1467"]
[BlackElo "1209"]
[Opening "Queen's pawn, Mason variation"]
[ECO "D00"]
[Time "08:00:33"]
[TimeControl "2700+45"]

1. d4 d5 2. Bf4 Nf6 3. e3 Nc6 4. c3 Bf5 5. Qb3 b6 6. Nf3 e6 7. Bb5 Qd7 8. Qa4
Qe7 9. Bxc6+ Nd7 10. Bxa8 Kd8 11. Bc6 h6 12. Bxd7 Qxd7 13. Qxd7+ Kxd7 14. Ne5+
Ke7 15. Nd2 a5 16. f3 f6 17. Ng4 Kd8 18. e4 dxe4 19. Nxe4 Bxe4 20. fxe4 Bd6 21.
Bxd6 cxd6 22. O-O Rf8 {Black resigns} 1-0

[Event "Team 45 45 League T79"]
[Site "Internet Chess Club"]
[Date "2019.01.27"]
[Round "5"]
[White "Pawnchain"]
[Black "rhayder"]
[Result "1-0"]
[WhiteElo "1452"]
[BlackElo "1160"]
[Opening "Queen's pawn: London system"]
[ECO "A45"]
[Time "16:20:11"]
[TimeControl "2700+45"]

1. d4 Nf6 2. Bf4 g6 3. Nc3 Bg7 4. Nf3 O-O 5. e4 d6 6. Qd2 c5 7. d5 a6 8. Be2 b5
9. Rd1 b4 10. Nb1 a5 11. e5 dxe5 12. Bxe5 Nbd7 13. O-O Nxe5 14. Nxe5 Qxd5 15.
Qxd5 Nxd5 16. Rxd5 Be6 17. Rxc5 Bxa2 18. Nd3 Rac8 19. Rxa5 Bxb1 20. Rxb1 Rxc2
21. Bf3 Rd8 22. Nxb4 Bxb2 23. Nd5 Rd7 24. Ra8+ Kg7 25. Ra2 Rb7 26. Ne3 Rc1+ 27.
Rxc1 Bxc1 28. Bxb7 Bxe3 29. fxe3 {Black resigns} 1-0

[Event "Team 45 45 League T79"]
[Site "Internet Chess Club"]
[Date "2019.01.28"]
[Round "5"]
[White "cityprosecutor"]
[Black "cadmiumorange"]
[Result "0-1"]
[WhiteElo "1661"]
[BlackElo "1905"]
[Opening "Robatsch (modern) defense"]
[ECO "B06"]
[Time "14:27:00"]
[TimeControl "2700+45"]

1. e4 g6 2. d4 Bg7 3. f3 c5 4. d5 d6 5. Nc3 Na6 6. Bc4 Nc7 7. a4 e6 8. Nge2 exd5
9. Nxd5 Nxd5 10. Bxd5 Ne7 11. Ba2 O-O 12. O-O Nc6 13. c3 Be6 14. Nf4 Bxa2 15.
Rxa2 c4 16. Qe2 Ne5 17. Rd1 g5 18. Nd5 Rc8 19. Be3 b6 20. Bd4 Nd3 21. Bxg7 Kxg7
22. Raa1 f5 23. b3 fxe4 24. Qxe4 Re8 25. Qd4+ Ne5 26. b4 Kh6 27. Ne3 Qf6 28.
Qxd6 Re6 29. Qxe5 Rxe5 30. Ng4+ Kg6 31. Nxf6 Kxf6 32. Kf2 Rce8 33. Re1 h5 34.
Rxe5 Rxe5 35. Re1 Rd5 36. Ke3 Rd3+ 37. Ke2 Rxc3 38. Kd2 Ra3 39. a5 bxa5 40. bxa5
Ra2+ 41. Kc3 Rxg2 42. Kxc4 Rxh2 43. Kb5 Ra2 44. Rh1 h4 45. f4 gxf4 46. Rxh4 Ke5
47. Rh8 f3 48. Rf8 f2 49. Rf7 Kd4 50. Ka6 Ke3 51. Re7+ Kd2 52. Rf7 Ke1 53. Re7+
Re2 54. Rxe2+ Kxe2 55. Kxa7 f1=Q 56. a6 Qf7+ 57. Kb8 Qe8+ 58. Kb7 Qd7+ 59. Kb8
Qb5+ 60. Ka7 Kd3 {White resigns} 0-1

[Event "Team 45 45 League T79"]
[Site "Internet Chess Club"]
[Date "2019.01.27"]
[Round "5"]
[White "Hal2001"]
[Black "misuc56"]
[Result "1/2-1/2"]
[WhiteElo "1555"]
[BlackElo "1552"]
[Opening "Sicilian: closed, 2...Nc6"]
[ECO "B23"]
[Time "14:19:26"]
[TimeControl "2700+45"]

1. e4 c5 2. Nc3 Nc6 3. Bb5 d6 4. Bxc6+ bxc6 5. f4 Rb8 6. Nf3 g6 7. O-O Bg7 8. d3
Bd7 9. Qe1 e6 10. e5 d5 11. Na4 Bf8 12. b3 Be7 13. Ba3 Nh6 14. Bxc5 Bxc5+ 15.
Nxc5 O-O 16. Qh4 Qxh4 17. Nxh4 Bc8 18. h3 Kg7 19. g4 Ng8 20. Nf3 Ne7 21. Nd4 Rd8
22. a4 a5 23. Rf2 h6 24. Raf1 Rb4 25. c3 Rb6 26. Rb2 Kf8 27. Rfb1 Ke8 28. b4
axb4 29. Rxb4 Rxb4 30. Rxb4 Bd7 31. Nb7 Ra8 32. Nd6+ Kf8 33. Nb3 Bc8 34. Nc5 g5
35. Kh1 Kg7 36. Ne8+ Kf8 37. Nf6 Kg7 38. Ne8+ Kf8 39. Nd6 Kg7 40. fxg5 hxg5 41.
Ne8+ Kf8 42. Nd6 Kg7 43. Kg2 Kf8 44. Kg3 Kg7 45. h4 gxh4+ 46. Kxh4 Ng6+ 47. Kg5
Nxe5 48. Ne8+ Kf8 49. Nd6 Kg7 50. Ne8+ Kf8 51. Nd6 Kg7 {Game drawn by
repetition} 1/2-1/2